TOP OF THE 1ST |
Key West Barracudas batting - Pitching for Montgomery Biscuits : RHP Cody Nichols
|
Pitching: RHP Cody Nichols
|
|
Batting: RHB Ramiro Javier
|
0-0: Ball 1-0: Swinging Strike 1-1: Ball 2-1: Ball 3-1: Base on Balls
|
Batting: RHB Ramón Díaz
|
0-0: Called Strike 0-1: Foul Ball, location: 2F 0-2: Ball 1-2: Foul Ball, location: 2F 1-2: Foul Ball, location: 2F 1-2: Ball 2-2: Strikes out swinging
|
Batting: RHB Rob DeWitt
|
0-0: Ball 1-0: Ball Ramiro Javier steals 2nd base 2-0: Fly out, F9 (Flyball, 9D) Runner from 2nd tags up, SAFE at 3rd, no throw
|
Batting: RHB Cris Lugo
|
0-0: Ball 1-0: Ball 2-0: Called Strike 2-1: Ball 3-1: SINGLE (Groundball, 6D) Ramiro Javier scores
|
Batting: SHB Júlio Ayala
|
0-0: Ball 1-0: Ball Cris Lugo steals 2nd base Error on foul ball, E2 2-1: Called Strike 2-2: DOUBLE (Line Drive, 78S) Cris Lugo scores
|
Batting: LHB Howard White
|
0-0: Ball 1-0: 2-RUN HOME RUN (Flyball, 9D), Distance : 385 ft
|
Batting: RHB Anastasio Zartuche
|
0-0: Foul Ball, location: 2F 0-1: Foul Ball, location: 2F 0-2: Ball 1-2: Strikes out swinging
|
Top of the 1st over - 4 runs, 3 hits, 1 error, 0 left on base; Key West 4 - Montgomery 0 |
BOTTOM OF THE 1ST |
Montgomery Biscuits batting - Pitching for Key West Barracudas : LHP José Mercado
|
Pitching: LHP José Mercado
|
|
Batting: LHB Ron Young
|
0-0: Ball 1-0: Ball 2-0: Foul Ball, location: 2F 2-1: SINGLE (Groundball, 56D)
|
Batting: SHB Lawrence Farley
|
0-0: Fly out, F6 (Line Drive, 56)
|
Batting: RHB José Murillo
|
0-0: Ball 1-0: Foul Ball, location: 2F 1-1: Swinging Strike 1-2: Strikes out looking
|
Batting: SHB Joe Pierce
|
0-0: Called Strike 0-1: Swinging Strike 0-2: Fly out, F3 (Popup, 3SF)
|
Bottom of the 1st over - 0 runs, 1 hit, 0 errors, 1 left on base; Key West 4 - Montgomery 0 |
TOP OF THE 2ND |
Key West Barracudas batting - Pitching for Montgomery Biscuits : RHP Cody Nichols
|
Batting: LHB Mauro Díaz
|
0-0: Fly out, F6 (Line Drive, 56)
|
Batting: SHB Eric Pimentel
|
0-0: Ground out U3 (Groundball, 3)
|
Batting: RHB Ramiro Javier
|
0-0: Ball 1-0: Foul Ball, location: 2F 1-1: Ball 2-1: Ball 3-1: Called Strike 3-2: Base on Balls
|
Batting: RHB Ramón Díaz
|
0-0: Foul Ball, location: 2F 0-1: Called Strike 0-2: Ball Ramiro Javier steals 2nd base 1-2: Ball 2-2: SINGLE (Line Drive, 9S) Ramiro Javier to third Runner from 3rd tries for Home, throw and OUT!
|
Top of the 2nd over - 0 runs, 1 hit, 0 errors, 1 left on base; Key West 4 - Montgomery 0 |
BOTTOM OF THE 2ND |
Montgomery Biscuits batting - Pitching for Key West Barracudas : LHP José Mercado
|
Batting: LHB Francisco Romo
|
0-0: Ball 1-0: Foul Ball, location: 2F 1-1: Foul Ball, location: 2F 1-2: Fly out, F4 (Line Drive, 4)
|
Batting: SHB Marvin López
|
0-0: Swinging Strike 0-1: Called Strike 0-2: Ball 1-2: Strikes out swinging
|
Batting: RHB Dave McGuire
|
0-0: Fly out, F9 (Flyball, 9S)
|
Bottom of the 2nd over - 0 runs, 0 hits, 0 errors, 0 left on base; Key West 4 - Montgomery 0 |
TOP OF THE 3RD |
Key West Barracudas batting - Pitching for Montgomery Biscuits : RHP Cody Nichols
|
Batting: RHB Rob DeWitt
|
0-0: Ball 1-0: Ball 2-0: Ball 3-0: Called Strike 3-1: Called Strike 3-2: Base on Balls
|
Batting: RHB Cris Lugo
|
0-0: Ball 1-0: Called Strike 1-1: Fly out, F5 (Line Drive, 56)
|
Batting: SHB Júlio Ayala
|
0-0: Ball 1-0: Swinging Strike 1-1: Ball 2-1: Ball 3-1: Ground out U3 (Groundball, 34S) Rob DeWitt to second
|
Batting: LHB Howard White
|
0-0: Ball 1-0: Called Strike 1-1: Ball 2-1: Called Strike 2-2: Strikes out swinging
|
Top of the 3rd over - 0 runs, 0 hits, 0 errors, 1 left on base; Key West 4 - Montgomery 0 |
BOTTOM OF THE 3RD |
Montgomery Biscuits batting - Pitching for Key West Barracudas : LHP José Mercado
|
Batting: RHB Jorge Guzmán
|
0-0: Called Strike 0-1: DOUBLE (Flyball, 78XD)
|
Batting: RHB Roy Powell
|
0-0: Swinging Strike 0-1: Ball 1-1: Ball 2-1: Foul Ball, location: 2F 2-2: Ground out 1-3 (Groundball, P) Jorge Guzmán to third
|
Batting: LHB Ron Young
|
0-0: Ball 1-0: Called Strike 1-1: Swinging Strike 1-2: Ball 2-2: Strikes out looking
|
Batting: SHB Lawrence Farley
|
0-0: Called Strike 0-1: Foul Ball, location: 2F 0-2: Foul Ball, location: 2F 0-2: Ball 1-2: Ball 2-2: Ball 3-2: Base on Balls
|
Batting: RHB José Murillo
|
0-0: Called Strike 0-1: Ball 1-1: Foul Ball, location: 2F 1-2: Ball 2-2: SINGLE (Groundball, 6MD) Jorge Guzmán scores Lawrence Farley to second Runner from 2nd tries for 3rd, SAFE, throw made to third
|
Batting: SHB Joe Pierce
|
0-0: Swinging Strike 0-1: Swinging Strike 0-2: Ball Wild Pitch! Lawrence Farley scores José Murillo to second 1-2: Ball 2-2: Strikes out looking
|
Bottom of the 3rd over - 2 runs, 2 hits, 0 errors, 1 left on base; Key West 4 - Montgomery 2 |
TOP OF THE 4TH |
Key West Barracudas batting - Pitching for Montgomery Biscuits : RHP Cody Nichols
|
Batting: RHB Anastasio Zartuche
|
0-0: Fly out, F3 (Popup, 3)
|
Batting: LHB Mauro Díaz
|
0-0: Ball 1-0: Ball 2-0: Ball 3-0: Base on Balls
|
Batting: SHB Eric Pimentel
|
0-0: Foul Ball, location: 2F 0-1: Ball 1-1: Foul Ball, location: 2F 1-2: Strikes out swinging
|
Batting: RHB Ramiro Javier
|
0-0: Foul Ball, location: 2F 0-1: Ball 1-1: Foul Ball, location: 2F 1-2: Foul Ball, location: 2F 1-2: Ball 2-2: Ball 3-2: Ground out 4-3 (Groundball, 34)
|
Top of the 4th over - 0 runs, 0 hits, 0 errors, 1 left on base; Key West 4 - Montgomery 2 |
BOTTOM OF THE 4TH |
Montgomery Biscuits batting - Pitching for Key West Barracudas : LHP José Mercado
|
Batting: LHB Francisco Romo
|
0-0: Foul Ball, location: 2F 0-1: Called Strike 0-2: Ball 1-2: Strikes out swinging
|
Batting: SHB Marvin López
|
0-0: Foul Ball, location: 2F 0-1: Ball 1-1: Swinging Strike 1-2: Ball 2-2: Foul Ball, location: 2F 2-2: Foul Ball, location: 2F 2-2: Ball 3-2: Foul Ball, location: 2F 3-2: Fly out, F5 (Popup, 56)
|
Batting: RHB Dave McGuire
|
0-0: Ball 1-0: Ball 2-0: Foul Ball, location: 2F 2-1: Swinging Strike 2-2: Foul Ball, location: 2F 2-2: Strikes out swinging
|
Bottom of the 4th over - 0 runs, 0 hits, 0 errors, 0 left on base; Key West 4 - Montgomery 2 |
TOP OF THE 5TH |
Key West Barracudas batting - Pitching for Montgomery Biscuits : RHP Cody Nichols
|
Batting: RHB Ramón Díaz
|
0-0: Called Strike 0-1: Ball 1-1: Ball 2-1: Ball 3-1: SOLO HOME RUN (Flyball, 7LD), Distance : 351 ft
|
Batting: RHB Rob DeWitt
|
0-0: Called Strike 0-1: Foul Ball, location: 2F 0-2: Fly out, F7 (Flyball, 7)
|
Pitching: RHP Alan Foster
|
|
Batting: RHB Cris Lugo
|
0-0: Called Strike 0-1: Ball 1-1: Foul Ball, location: 2F 1-2: Foul Ball, location: 2F 1-2: Strikes out swinging
|
Batting: SHB Júlio Ayala
|
0-0: Ball 1-0: Called Strike 1-1: Called Strike 1-2: Ball 2-2: Ball 3-2: Base on Balls
|
Batting: LHB Howard White
|
0-0: Ball 1-0: SINGLE (Groundball, 4MD) Júlio Ayala to second
|
Batting: RHB Anastasio Zartuche
|
0-0: Ball 1-0: Foul Ball, location: 2F 1-1: Ball 2-1: Ball 3-1: Foul Ball, location: 2F 3-2: Foul Ball, location: 2F 3-2: Strikes out swinging
|
Top of the 5th over - 1 run, 2 hits, 0 errors, 2 left on base; Key West 5 - Montgomery 2 |
BOTTOM OF THE 5TH |
Montgomery Biscuits batting - Pitching for Key West Barracudas : LHP José Mercado
|
Batting: RHB Jorge Guzmán
|
0-0: Ball 1-0: Called Strike 1-1: Foul Ball, location: 2F 1-2: Ball 2-2: Strikes out swinging
|
Batting: RHB Roy Powell
|
0-0: Called Strike 0-1: Ball 1-1: SINGLE (Flyball, 7S)
|
Batting: LHB Ron Young
|
0-0: Ball 1-0: Ball 2-0: Called Strike 2-1: Ball 3-1: SINGLE (Flyball, 7S) Roy Powell to second
|
Pitching: RHP Mathew Wilcox
|
|
Batting: SHB Lawrence Farley
|
0-0: Called Strike 0-1: Swinging Strike 0-2: Ball 1-2: Fly out, F3 (Flyball, 3D)
|
Batting: RHB José Murillo
|
0-0: Called Strike 0-1: Called Strike 0-2: Strikes out swinging
|
Bottom of the 5th over - 0 runs, 2 hits, 0 errors, 2 left on base; Key West 5 - Montgomery 2 |
TOP OF THE 6TH |
Key West Barracudas batting - Pitching for Montgomery Biscuits : RHP Alan Foster
|
Batting: LHB Mauro Díaz
|
0-0: Ball 1-0: Ball 2-0: Ball 3-0: Called Strike 3-1: Called Strike 3-2: Foul Ball, location: 2F 3-2: SINGLE (Groundball, 6MD)
|
Batting: SHB Eric Pimentel
|
0-0: Called Strike 0-1: Ball 1-1: Hit by Pitch Mauro Díaz to second
|
Batting: RHB Ramiro Javier
|
0-0: Foul Ball, location: 2F 0-1: Called Strike 0-2: SINGLE (Groundball, 4D) Mauro Díaz to third Eric Pimentel to second
|
Batting: RHB Ramón Díaz
|
0-0: Ball 1-0: Called Strike 1-1: Ball 2-1: Ball 3-1: Base on Balls Mauro Díaz scores Eric Pimentel to third Ramiro Javier to second
|
Batting: RHB Rob DeWitt
|
0-0: Called Strike 0-1: Ball 1-1: Foul Ball, location: 2F 1-2: Ball 2-2: Ball 3-2: Strikes out swinging
|
Batting: RHB Cris Lugo
|
0-0: Fly out, F8 (Flyball, 8RS) Runner from 3rd tags up, SCORES, no throw
|
Batting: SHB Júlio Ayala
|
0-0: Foul Ball, location: 2F 0-1: Ball 1-1: Foul Ball, location: 2F 1-2: Ball 2-2: Strikes out swinging
|
Top of the 6th over - 2 runs, 2 hits, 0 errors, 2 left on base; Key West 7 - Montgomery 2 |
BOTTOM OF THE 6TH |
Montgomery Biscuits batting - Pitching for Key West Barracudas : RHP Mathew Wilcox
|
Batting: SHB Joe Pierce
|
0-0: Called Strike 0-1: Called Strike 0-2: Strikes out swinging
|
Batting: LHB Francisco Romo
|
0-0: Ball 1-0: Swinging Strike 1-1: SINGLE (Line Drive, 9S)
|
Batting: SHB Marvin López
|
0-0: Called Strike 0-1: Swinging Strike 0-2: Strikes out looking
|
Batting: RHB Dave McGuire
|
0-0: Called Strike 0-1: Ball 1-1: Fly out, F3 (Popup, 3)
|
Bottom of the 6th over - 0 runs, 1 hit, 0 errors, 1 left on base; Key West 7 - Montgomery 2 |
TOP OF THE 7TH |
Key West Barracudas batting - Pitching for Montgomery Biscuits : RHP Alan Foster
|
Batting: LHB Howard White
|
0-0: Ball 1-0: Foul Ball, location: 2F 1-1: Ball 2-1: Foul Ball, location: 2F 2-2: Strikes out swinging
|
Batting: RHB Anastasio Zartuche
|
0-0: Called Strike 0-1: Ball 1-1: Foul Ball, location: 2F 1-2: SINGLE (Groundball, 56D)
|
Pitching: RHP Jorge Gonzáles
|
|
Batting: LHB Mauro Díaz
|
0-0: Called Strike 0-1: Ball 1-1: Ball 2-1: Ball 3-1: Base on Balls Anastasio Zartuche to second
|
Batting: SHB Eric Pimentel
|
0-0: Called Strike 0-1: Swinging Strike 0-2: Foul Ball, location: 2F 0-2: Ball 1-2: Strikes out swinging
|
Batting: RHB Ramiro Javier
|
0-0: SINGLE (Line Drive, 8RS) Anastasio Zartuche to third Mauro Díaz to second
|
Batting: RHB Ramón Díaz
|
0-0: Ball 1-0: Foul Ball, location: 2F 1-1: Foul Ball, location: 2F 1-2: Strikes out swinging
|
Top of the 7th over - 0 runs, 2 hits, 0 errors, 3 left on base; Key West 7 - Montgomery 2 |
BOTTOM OF THE 7TH |
Montgomery Biscuits batting - Pitching for Key West Barracudas : RHP Mathew Wilcox
|
Batting: RHB Jorge Guzmán
|
0-0: Ball 1-0: SINGLE (Groundball, 56D)
|
Batting: RHB Roy Powell
|
0-0: Ball 1-0: Ball 2-0: Ground out 5-3 (Groundball, 5S) Jorge Guzmán to second
|
Batting: LHB Ron Young
|
0-0: Foul Ball, location: 2F 0-1: Ball 1-1: SINGLE (Flyball, 9LS) Jorge Guzmán to third
|
Batting: SHB Lawrence Farley
|
0-0: Called Strike Ron Young steals 2nd base 0-1: Ball 1-1: Ball 2-1: Foul Ball, location: 2F 2-2: Foul Ball, location: 2F 2-2: Ball 3-2: Base on Balls
|
Batting: RHB José Murillo
|
0-0: Called Strike 0-1: GRAND SLAM HOME RUN (Flyball, 7LD), Distance : 334 ft
|
Pitching: RHP José Cuellar
|
|
Batting: SHB Joe Pierce
|
0-0: Fly out, F7 (Flyball, 7)
|
Batting: LHB Francisco Romo
|
0-0: Ball 1-0: Foul Ball, location: 2F 1-1: Called Strike 1-2: Foul Ball, location: 2F 1-2: Foul Ball, location: 2F 1-2: Strikes out swinging
|
Bottom of the 7th over - 4 runs, 3 hits, 0 errors, 0 left on base; Key West 7 - Montgomery 6 |
TOP OF THE 8TH |
Key West Barracudas batting - Pitching for Montgomery Biscuits : RHP Jorge Gonzáles
|
Batting: RHB Rob DeWitt
|
0-0: Ball 1-0: Called Strike 1-1: Ball 2-1: Foul Ball, location: 2F 2-2: Strikes out swinging
|
Batting: RHB Cris Lugo
|
0-0: Ball 1-0: Ground out 6-3 (Groundball, 6)
|
Batting: SHB Júlio Ayala
|
0-0: Ground out 6-3 (Groundball, 6S)
|
Top of the 8th over - 0 runs, 0 hits, 0 errors, 0 left on base; Key West 7 - Montgomery 6 |
BOTTOM OF THE 8TH |
Montgomery Biscuits batting - Pitching for Key West Barracudas : RHP José Cuellar
|
Batting: SHB Marvin López
|
0-0: Called Strike 0-1: Ball 1-1: SINGLE (Groundball, 34S) (infield hit)
|
Pinch Runner at 1st Marcos Féliz:
|
|
Pinch Hitting: SHB Wilson Bray
|
0-0: Fly out, F7 (Flyball, 78D)
|
Pinch Hitting: LHB Amlak Saitoti
|
0-0: Called Strike 0-1: Ball 1-1: Sac Bunt - play at first, batter OUT! 3-4 Marcos Féliz to second
|
Batting: RHB Roy Powell
|
0-0: SINGLE (Groundball, 56) (infield hit) Marcos Féliz to third
|
Batting: LHB Ron Young
|
0-0: Ball 1-0: SINGLE (Line Drive, 9LS) Marcos Féliz scores Roy Powell to second
|
Batting: SHB Lawrence Farley
|
0-0: Ball 1-0: Ball 2-0: Called Strike 2-1: Ball 3-1: Base on Balls Roy Powell to third Ron Young to second
|
Batting: RHB José Murillo
|
0-0: Reaches on Catchers interference Roy Powell scores Ron Young to third Lawrence Farley to second
|
Batting: SHB Joe Pierce
|
0-0: Ball 1-0: Ball 2-0: SINGLE (Line Drive, 56D) Ron Young scores Lawrence Farley to third José Murillo to second Runner from 3rd tries for Home, SAFE, no throw
|
Pitching: LHP Aaron Blankenship
|
|
Batting: LHB Francisco Romo
|
0-0: Ball 1-0: Foul Ball, location: 2F 1-1: Ball 2-1: Ball 3-1: Base on Balls José Murillo to third Joe Pierce to second
|
Batting: LHB Marcos Féliz
|
0-0: Ball 1-0: Called Strike 1-1: Foul Ball, location: 2F 1-2: Ball 2-2: Ball 3-2: Base on Balls José Murillo scores Joe Pierce to third Francisco Romo to second
|
Batting: SHB Wilson Bray
|
0-0: Ball 1-0: Ball 2-0: Reached via error on a dropped throw, E4 Joe Pierce scores Francisco Romo to third Marcos Féliz to second
|
Batting: LHB Amlak Saitoti
|
0-0: Ball 1-0: Called Strike 1-1: Foul Ball, location: 2F 1-2: Ball 2-2: Ball 3-2: Ground out 4-3 (Groundball, 4)
|
Bottom of the 8th over - 6 runs, 4 hits, 2 errors, 3 left on base; Key West 7 - Montgomery 12 |
TOP OF THE 9TH |
Key West Barracudas batting - Pitching for Montgomery Biscuits : RHP Jorge Gonzáles
|
Now at 1B: Kyle Vélez
|
|
Now at 2B: Amlak Saitoti
|
|
Now in LF: Marcos Féliz
|
|
Batting: LHB Howard White
|
0-0: Ball 1-0: Swinging Strike 1-1: Foul Ball, location: 2F 1-2: Ball 2-2: Strikes out swinging
|
Batting: RHB Anastasio Zartuche
|
0-0: Ball 1-0: Foul Ball, location: 2F 1-1: SINGLE (Line Drive, 6D)
|
Batting: LHB Mauro Díaz
|
0-0: Fly out, F6 (Popup, 6)
|
Batting: SHB Eric Pimentel
|
0-0: Ball 1-0: Foul Ball, location: 2F 1-1: Ball 2-1: Ball 3-1: Base on Balls Anastasio Zartuche to second
|
Pitching: RHP Enrique Boyd
|
|
Batting: RHB Ramiro Javier
|
0-0: Ball 1-0: Called Strike 1-1: Swinging Strike 1-2: Ball 2-2: Foul Ball, location: 2F 2-2: Ball 3-2: Base on Balls Anastasio Zartuche to third Eric Pimentel to second
|
Pitching: RHP Calvin Snyder
|
|
Batting: RHB Ramón Díaz
|
0-0: Ball 1-0: Foul Ball, location: 2F 1-1: Foul Ball, location: 2F 1-2: Ground out 3-1 (Groundball, 34)
|
Top of the 9th over - 0 runs, 1 hit, 0 errors, 3 left on base; Key West 7 - Montgomery 12 |
|